 Dungeon Crawl Stone Soup version 0.29.1-1-gd02db6906a (webtiles) character file.

Game seed: 17701774456218889852

2130 safid the Skirmisher (level 9, -3/69 HPs)
             Began as a Minotaur Hunter on Oct 7, 2022.
             Slain by Duvessa
             ... wielding a +0 short sword
              (15 damage)
             ... on level 5 of the Dungeon.
             The game lasted 00:12:53 (7857 turns).

safid the Skirmisher (Minotaur Hunter)              Turns: 7857, Time: 00:12:54

Health: -3/69      AC:  5    Str: 16    XL:     9   Next: 8%
Magic:  8/8        EV: 11    Int:  6    God:
Gold:   294        SH:  0    Dex: 18    Spells: 8/8 levels left

rFire   . . .      SeeInvis .   a - +0 shortbow
rCold   . . .      Faith    .   (shield currently unavailable)
rNeg    . . .      Spirit   .   e - +0 ring mail
rPois   .          Reflect  .   (helmet restricted)
rElec   .          Harm     .   (no cloak)
rCorr   .          Rampage  .   (no gloves)
Will    .....                   (no boots)
Stlth   +.........              k - amulet of the acrobat
HPRegen 0.21/turn               (no ring)
MPRegen 0.11/turn               (no ring)

@: about to teleport, weak-willed
A: horns 2, retaliatory headbutt
a: no special abilities


You were on level 5 of the Dungeon.
You visited 1 branch of the dungeon, and saw 6 of its levels.
You also visited: Ossuary.

You collected 294 gold pieces.

Inventory:

Hand Weapons
 a - a +0 shortbow (weapon)
Armour
 e - a +0 ring mail (worn)
Jewellery
 k - an amulet of the acrobat (around neck)
Wands
 c - a wand of flame (15)
 j - a wand of quicksilver (9)
 s - a wand of mindburst (14)
Scrolls
 b - a scroll of immolation
 d - a scroll of poison
 g - a scroll of teleportation
 h - 9 scrolls of identify {unknown}
 i - a scroll of enchant armour {unknown}
 m - 2 scrolls of amnesia
 n - a scroll of blinking {unknown}
 q - 2 scrolls of vulnerability
 t - a scroll of fog {unknown}
 u - a scroll of acquirement {unknown}
 v - a scroll of noise {unknown}
 w - a scroll of fear {unknown}
 y - a scroll of magic mapping {unknown}
Potions
 f - 2 potions of haste {unknown}
 l - 4 potions of curing
 o - a potion of magic {unknown}
 p - a potion of resistance {unknown}
 r - 3 potions of brilliance {unknown}
 x - 2 potions of berserk rage {unknown}


   Skills:
 - Level 3.0 Fighting
 + Level 13.5 Ranged Weapons
 - Level 2.1 Dodging
 - Level 0.7 Stealth


You had 8 spell levels left.
You didn't know any spells.
Your spell library contained the following spells:

 Spells                   Type           Power      Damage    Failure   Level
 Sting                    Tmut/Pois      0%         1d3       67%         1
 Poisonous Vapours        Pois/Air       0%         N/A       82%         2
 Olgreb's Toxic Radiance  Pois           0%         N/A       100%        4
 Summon Ice Beast         Ice/Summ       0%         N/A       100%        4
 Summon Mana Viper        Hex/Summ       0%         N/A       100%        5
 Monstrous Menagerie      Summ           0%         N/A       100%        7


Dungeon Overview and Level Annotations

Branches:
Dungeon (6/15)            Ossuary (visited)
 Temple: D:4-7

Altars:

Shops:
D:4 :

Annotations:
D:5 Duvessa


Innate Abilities, Weirdness & Mutations

You have a pair of horns on your head.
You reflexively headbutt those who attack you in melee.


Message History

You kill the black bear!
You shoot an arrow. The arrow hits the hound.
The hound is lightly wounded.
Duvessa hits you with a +0 short sword. The hound barely misses you.
You shoot an arrow. The arrow hits the hound.
The hound is moderately wounded.
The hound bites you but does no damage. Duvessa hits you with a +0 short sword!
You shoot an arrow. The arrow closely misses the hound.
The hound stops to sniff the ground.
The hound closely misses you. Duvessa misses you.
Unknown command.
Duvessa attacks as you move away! Duvessa hits you with a +0 short sword!
The hound attacks as you move away! The hound bites you but does no damage.
The hound barely misses you. Duvessa hits you with a +0 short sword!
As you read the scroll labelled ONUUG NEVAOK, it crumbles to dust.
Magic quickly surges around you.
It was a scroll of vulnerability.
The hound closely misses you. You furiously retaliate!
You headbutt the hound! Duvessa hits you but does no damage.
As you read the scroll labelled WAUKEI HUREC, it crumbles to dust.
It is a scroll of amnesia.
You feel forgetful for a moment. The hound bites you.
Duvessa hits you but does no damage. The hound bites you.
Duvessa closely misses you. You furiously retaliate!
You headbutt Duvessa, but do no damage.
The air fills with toxic fumes!
As you read the scroll labelled KIPULUFAPLU, it crumbles to dust.
It was a scroll of poison.
The hound bites you. Duvessa closely misses you.
The scorpion closely misses you.
Unknown command.
Unknown command.
Unknown command.
As you read the scroll labelled ZEFAET YRUP, it crumbles to dust.
You feel strangely unstable.
It was a scroll of teleportation.
The hound closely misses you. You furiously retaliate!
You headbutt the hound. Duvessa hits you with a +0 short sword!
* * * LOW HITPOINT WARNING * * *
The scorpion barely misses you. You furiously retaliate!
You headbutt the scorpion, but do no damage.
The hound closely misses you. Duvessa hits you with a +0 short sword!
You die...

####### # # #§ + #§§ # #§§§ #
.§§######### # #§§h§§§§§# ######
#ehs§§§# ...... #### #§@§§§§+
...... #..######## #§§§§§§#####
+##### #..##.....#####§§§§§§§§§.#
## #...#.........#§§§§§§§§§.# #.
#...#.........§§§§§§§§§§.# #.
#..##....###.§#§§§§§§§§§.########
#..##....###.§####§##§§§..#....##
#..##....#..§.....§§#§§§..#......
#..##....#..........#.....#......


You could see Duvessa (berserk, weak-willed), a scorpion (weak-willed) and 2
hounds.

Vanquished Creatures
  Grinder (D:5)
  Eustachio (D:5)
  A steam dragon (D:4)
  A black bear (D:5)
  A phantom (D:5)
  2 gnoll sergeants
  9 scorpions
  Dowan (D:5)
  A howler monkey (D:5)
  5 centaur zombies (Ossuary)
  4 human zombies (Ossuary)
  2 hounds
  An iguana (D:4)
  An orc wizard (D:3)
  A scorpion zombie (Ossuary)
  3 mummies (Ossuary)
  9 gnolls
  11 adders
  A white imp (D:3)
  3 worms
  4 dart slugs
  4 orcs
  8 ball pythons
  14 endoplasms
  9 giant cockroaches
  A gnoll zombie (Ossuary)
  7 goblins
  4 hobgoblins
  12 jackals
  2 kobolds
  3 quokkas
  9 bats
  4 goblin zombies (Ossuary)
  4 hobgoblin zombies (Ossuary)
  A kobold zombie (Ossuary)
  An orc zombie (Ossuary)
  14 rats
160 creatures vanquished.

Vanquished Creatures (others)
  A giant cockroach (D:4)
  A bush (D:5)
2 creatures vanquished.

Grand Total: 162 creatures vanquished

Notes
Turn   | Place    | Note
-------+----------+-------------------------------------------
     0 | D:1      | safid the Minotaur Hunter began the quest for the Orb.
     0 | D:1      | Reached XP level 1. HP: 18/18 MP: 0/0
   128 | D:1      | Reached XP level 2. HP: 25/25 MP: 1/1
   410 | D:1      | Reached skill level 5 in Ranged Weapons
   652 | D:1      | Reached XP level 3. HP: 31/31 MP: 2/2
  1348 | D:2      | Reached skill level 6 in Ranged Weapons
  1348 | D:2      | Reached XP level 4. HP: 35/38 MP: 3/3
  2184 | D:3      | Found a faded altar of an unknown god.
  2309 | D:3      | Reached XP level 5. HP: 45/45 MP: 4/4
  2312 | D:3      | You fall into a shaft and drop 3 floors!
  2352 | D:5      | Entered Level 5 of the Dungeon
  2449 | D:5      | Reached skill level 7 in Ranged Weapons
  2507 | D:5      | Noticed a phantom
  2516 | D:5      | Killed a phantom
  2537 | D:5      | Noticed Duvessa
  2550 | D:4      | Reached skill level 8 in Ranged Weapons
  2550 | D:4      | Reached XP level 6. HP: 25/51 MP: 5/5
  2561 | D:4      | Found a sand-covered staircase.
  2600 | Ossuary  | Entered an ossuary
  2854 | Ossuary  | Reached skill level 9 in Ranged Weapons
  3159 | Ossuary  | Reached XP level 7. HP: 54/57 MP: 6/6
  3492 | Ossuary  | Reached skill level 10 in Ranged Weapons
  3979 | Ossuary  | Reached skill level 11 in Ranged Weapons
  3979 | Ossuary  | Reached XP level 8. HP: 46/63 MP: 7/7
  5101 | D:4      | Found Monyomn's Self-Improvement Boutique.
  6039 | D:3      | Reached skill level 12 in Ranged Weapons
  6599 | D:5      | Noticed Dowan
  6604 | D:5      | Killed Dowan
  6681 | D:5      | Noticed Eustachio
  6698 | D:5      | Killed Eustachio
  6807 | D:5      | Noticed Grinder
  6814 | D:5      | Paralysed by Grinder for 3 turns
  6823 | D:5      | Killed Grinder
  6824 | D:5      | Reached skill level 13 in Ranged Weapons
  7038 | D:4      | Reached XP level 9. HP: 18/69 MP: 8/8
  7551 | D:5      | Identified the +8 sling of Nedizaym {freeze, rC+}
  7857 | D:5      | Slain by Duvessa

Illustrated notes

Levels and vault maps discovered:
D:1:      eino_arrival_cavern_a, layout_basic, minmay_worlds_worst_comb
D:2:      layout_loops_corners
D:3:      layout_rooms, hellmonk_ecumenical_altar_leap_of_faith,
          lightli_sewer_entry_pipes
D:4:      layout_rooms, nicolae_ossuary_entry_false_entrances,
          nicolae_shop_self_help
D:5:      layout_gridville, cheibrodos_gnoll_hut, uniq_duvessa, uniq_grinder,
          uniq_eustachio
D:6:      kennysheep_big_flooded_room, layout_cave_pools,
          mainiacjoe_overflow_catch_the_wave, nicolae_fountain_basement

Skill      XL: |  1  2  3  4  5  6  7  8 |
---------------+-------------------------+-----
Fighting       | 3 |  3.0
Ranged Weapons | 5 6 8 9 11 13 | 13.5
Dodging        | |  2.1
Stealth        | |  0.7

Action                   |  1- 3 |  4- 6 |  7- 9 || total
-------------------------+-------+-------+-------++-------
 Fire: Shortbow          |   117 |   182 |   383 ||   682
  Use: Potion            |       |       |     6 ||     6
       Scroll            |       |       |     4 ||     4
Armor: Ring mail         |    29 |    44 |    66 ||   139
Dodge: Dodged            |    41 |    68 |   174 ||   283
